 Dungeon Crawl Stone Soup version 0.23.1 (webtiles) character file.

Game seed: 17389800870290839565

4 Irenicus the Sneak (level 1, -3/7 HPs)
             Began as a Felid Earth Elementalist on Mar 3, 2019.
             Slain by a hobgoblin
             ... wielding a +0 club
              (6 damage)
             ... on level 1 of the Dungeon.
             The game lasted 00:01:16 (110 turns).

Irenicus the Sneak (Felid Earth Elementalist)        Turns: 110, Time: 00:01:16

Health: -3/7       AC:  1    Str:  4    XL:     1   Next: 50%
Magic:  4/4        EV: 18    Int: 16    God:
Gold:   34         SH:  0    Dex: 16    Spells: 3/4 levels left
                                        Lives:  0   Deaths: 0

rFire    . . .     SeeInvis +   (weapon unavailable)
rCold    . . .     Gourm    .   (shield unavailable)
rNeg     . . .     Faith    .   (armour unavailable)
rPois    .         Spirit   .   (helmet unavailable)
rElec    .         Reflect  .   (cloak unavailable)
rCorr    .         Harm     .   (gloves unavailable)
MR       .....                  (boots unavailable)
Stlth    +++.......             (no amulet)
HPRegen  0.02/turn              (no ring)
MPRegen  0.09/turn              (no ring)

@: quick
A: very small, no armour, no weapons or thrown items, stealth, claws 1, fangs 3,
see invisible, carnivore, speed 1, shaggy fur 1, slow metabolism 1, sharp paws
a: no special abilities


You were on level 1 of the Dungeon.
You were not hungry.

You visited 1 branch of the dungeon, and saw 1 of its levels.

You collected 34 gold pieces.

Inventory:

Missiles
 b - 30 stones
Scrolls
 a - a scroll of fog {unknown}
Comestibles
 c - 2 rations


   Skills:
 - Level 2.7 Dodging
 - Level 3.0 Stealth
 + Level 0.4 Unarmed Combat
 - Level 2.0 Spellcasting
   Level 1.1 Transmutations
 - Level 2.7 Earth Magic


You had 3 spell levels left.
You knew the following spells:

 Your Spells              Type           Power        Failure   Level  Hunger
a - Sandblast             Erth           ##....       7%          1    #......

Your spell library contained the following spells:

 Spells                   Type           Power        Failure   Level  Hunger
 Passwall                 Tmut/Erth      #.......     14%         2    ###....
 Stone Arrow              Conj/Erth      #.....       34%         3    ###....
 Petrify                  Tmut/Erth      #.......     67%         4    #####..
 Lee's Rapid Deconstruct  Erth           ##........   88%         5    ######.


Dungeon Overview and Level Annotations

Branches:
Dungeon (1/15)

Altars:


Innate Abilities, Weirdness & Mutations

You cannot wear armour.
You are incapable of wielding weapons or throwing items.
Your paws allow you to move quietly. (Stealth)
You have sharp claws.
You have razor-sharp teeth.
You have supernaturally acute eyesight. (SInv)
You are carnivorous and can eat meat at any time.
You cover ground quickly.
You are covered in fur. (AC +1)
You have a slow metabolism.
Your sharp claws are effective at attacking unaware monsters.


Message History

Welcome, Irenicus the Felid Earth Elementalist.
Will you prevail where others failed? Will you find the Orb of Zot?
Found a staircase leading out of the dungeon.
You enter the shallow water.
Moving in this stuff is going to be slow.
Okay, then.
You can't grasp things well enough to throw them.
You open the door.
A bat comes into view.
There is an open door here.
Found 16 gold pieces.
Found a stone staircase leading down.
The helpless bat fails to defend itself.
You scratch the bat.
You kill the bat!
You now have 11 gold pieces.
a - a scroll labeled TODYOT JOYSCH
Found an escape hatch in the floor.
You now have 27 gold pieces (gained 16).
Okay, then.
A dart slug comes into view.
You pounce on the unaware helpless dart slug!
You scratch the dart slug. The dart slug closely misses you.
You scratch the dart slug. The dart slug misses you.
You scratch the dart slug.
You kill the dart slug!
Your Stealth skill increases to level 3!
c - 2 rations (gained 1)
You now have 34 gold pieces (gained 7).
You see here a ring mail.
A hobgoblin comes into view. It is wielding a +0 club.
The hobgoblin shouts!
You barely miss the hobgoblin. The hobgoblin closely misses you.
Okay, then.
You barely miss the hobgoblin. Your claw misses the hobgoblin.
The hobgoblin hits you with a +0 club.
You take 1 damage, and have 6/7 hp.
You barely miss the hobgoblin. The hobgoblin hits you with a +0 club.
You take 3 damage, and have 3/7 hp.
MASSIVE DAMAGE!!
Okay, then.
You aren't carrying any potions.
Unknown command.
You scratch the hobgoblin. You barely miss the hobgoblin.
The hobgoblin misses you.
You scratch the hobgoblin. The hobgoblin closely misses you.
You scratch the hobgoblin but do no damage.
The hobgoblin hits you with a +0 club.
Ouch! That really hurt!
You die...

#####.#
#.....# #.#
#.# #.# #.#
#.# #g# ##@##
##...##
##.....#######
#.........[..#
##.....#####.#
##...## #.# .
##.## #.# #.
### #.# #. #.#
#.


You could see a hobgoblin.

Vanquished Creatures
  A dart slug (D:1)
  A bat (D:1)
2 creatures vanquished.

Notes
Turn   | Place    | Note
-------+----------+-------------------------------------------
     0 | D:1      | Irenicus the Felid Earth Elementalist began the quest for
                  | the Orb.
     0 | D:1      | Reached XP level 1. HP: 7/7 MP: 4/4
    50 | D:1      | Reached skill level 3 in Stealth
   110 | D:1      | Slain by a hobgoblin

Skill      XL: |  1 |
---------------+----+-----
Stealth        | 3 |  3.0
Dodging        | |  2.7
Unarmed Combat | |  0.4
Spellcasting   | |  2.0
Transmutations | |  1.1
Earth Magic    | |  2.7

Action                   || total
-------------------------++-------
Melee: Unarmed           ||    11
 Stab: Sleeping          ||     2
Dodge: Dodged            ||     5

Levels and vault maps discovered:
D:1:      ncdulo_wetmaze, layout_loops_ring

Table legend:
 A = Turns spent in this place as a percentage of turns spent in the entire game.
 B = Non-inter-level travel turns spent in this place as a percentage of non-inter-level travel turns spent in the entire game.
 C = Inter-level travel turns spent in this place as a percentage of turns spent in this place.
 D = Turns resting spent in this place as a percentage of non-inter-level travel turns spent in this place.
 E = Turns spent auto-exploring this place as a percentage of non-inter-level travel turns spent in this place.
 F = Non-inter-level travel turns spent in this place divided by the number of levels of this place that you've seen.
                   A       B       C       D       E      F
               +-------+-------+-------+-------+-------+----------------------
         Total | 100.0 | 100.0 |   0.0 |   0.0 |   0.0 | 110.0
       Dungeon | 100.0 | 100.0 |   0.0 |   0.0 |   0.0 | 110.0
               +-------+-------+-------+-------+-------+----------------------

Table legend:
 A = Kills in this place as a percentage of kills in entire the game.
 B = Kills by you in this place as a percentage of kills by you in the entire game.
 C = Kills by friends in this place as a percentage of kills by friends in the entire game.
 D = Other kills in this place as a percentage of other kills in the entire game.
 E = Experience gained in this place as a percentage of experience gained in the entire game.
 F = Experience gained in this place divided by the number of levels of this place that you have seen.
                   A       B       C       D       E      F
               +-------+-------+-------+-------+-------+----------------------
         Total | 100.0 | 100.0 |   N/A |   N/A | 100.0 |   6.0
       Dungeon | 100.0 | 100.0 |   N/A |   N/A | 100.0 |   6.0
               +-------+-------+-------+-------+-------+----------------------
